 Dungeon Crawl Stone Soup version 0.20-a0-733-gf92fd71 (webtiles) character file.

63 HallandMoats the Skirmisher (level 3, -1/30 HPs)
             Began as a Demonspawn Fighter on Feb 22, 2017.
             Slain by dickylongcocking's ghost (15 damage)
             ... on level 3 of the Dungeon.
             The game lasted 00:01:49 (2404 turns).

HallandMoats the Skirmisher (Demonspawn Fighter)    Turns: 2404, Time: 00:01:50

Health: -1/30      AC:  9    Str: 16    XL:     3   Next: 89%
Magic:  0/3        EV:  7    Int:  9    God:
Gold:   126        SH:  9    Dex: 13    Spells: 2/2 levels left

rFire    . . .     SeeInvis .   a - +0 war axe
rCold    . . .     Gourm    .   b - +0 scale mail
rNeg     . . .     Faith    .   c - +1 shield {AC+3}
rPois    .         Spirit   +   (no helmet)
rElec    .         Reflect  .   (no cloak)
rCorr    .         Harm     .   (no gloves)
MR       .....                  (no boots)
Stlth    ..........             (no amulet)
Regen    0.1/turn               (no ring)
MPRegen  0.1/turn               (no ring)

@: no status effects
A: claws 1, magic shield
a: no special abilities


You were on level 3 of the Dungeon.
You were not hungry.

You visited 1 branch of the dungeon, and saw 3 of its levels.

You collected 126 gold pieces.

Inventory:

Hand Weapons
 a - a +0 war axe (weapon)
Armour
 b - a +0 scale mail (worn)
 c - a +1 shield of protection (worn)
Scrolls
 i - 2 scrolls of teleportation {unknown}
 m - 3 scrolls of identify {unknown}
 n - 3 scrolls of remove curse {unknown}
Potions
 d - 2 potions of might
 e - a potion of heal wounds {unknown}
 h - a potion of magic {unknown}
 j - a potion of flight {unknown}
 o - 2 potions of invisibility {unknown}
 p - a potion of brilliance {unknown}
Comestibles
 f - 2 bread rations
 g - a chunk of flesh
 k - a meat ration
 l - 3 fruits


   Skills:
 * Level 3.7 Fighting
 * Level 2.5 Axes
 + Level 3.0 Armour
 + Level 1.1 Dodging
 - Level 2.6 Shields


You had 2 spell levels left.
You didn't know any spells.

Dungeon Overview and Level Annotations

Branches:
Dungeon (3/15)

Altars:

Annotations:
D:3 dickylongcocking's ghost, amateur BaSk


Innate Abilities, Weirdness & Mutations

You have sharp fingernails.
When hurt, damage is shared between your health and your magic reserves.


Message History

You hit the ball python.
You kill the ball python!
Dickylongcocking's ghost hits you but does no damage.
You hit dickylongcocking's ghost but do no damage.
Dickylongcocking's ghost hits you but does no damage.
Dickylongcocking's ghost barely misses you.
You barely miss dickylongcocking's ghost.
Dickylongcocking's ghost completely misses you.
You barely miss dickylongcocking's ghost.
You block dickylongcocking's ghost's attack.
You slash dickylongcocking's ghost!
Dickylongcocking's ghost is moderately damaged.
Dickylongcocking's ghost hits you but does no damage. x2
You are electrocuted!
You hit dickylongcocking's ghost.
Dickylongcocking's ghost is moderately damaged.
Dickylongcocking's ghost hits you but does no damage.
You are electrocuted!
Ouch! That really hurt!
You die...

###
#.#########.#
#.....W@....#
#.#########.#
#.#
#########.#
#<........#
###########


You could see dickylongcocking's ghost.

Vanquished Creatures
  3 adders (D:2)
  A dart slug (D:2)
  A leopard gecko (D:1)
  A giant cockroach (D:1)
  3 hobgoblins
  5 jackals
  A ball python (D:3)
  A bat (D:2)
  3 frilled lizards
  5 goblins
  3 kobolds
  9 rats (D:1)
36 creatures vanquished.

Notes
Turn   | Place    | Note
-------+----------+-------------------------------------------
     0 | D:1      | HallandMoats the Demonspawn Fighter began the quest for the Orb.
     0 | D:1      | Reached XP level 1. HP: 18/18 MP: 1/1
   111 | D:1      | Gained mutation: You have sharp fingernails. [demonic ancestry]
   111 | D:1      | Reached XP level 2. HP: 17/24 MP: 2/2
  1455 | D:2      | Gained mutation: When hurt, damage is shared between your health and your magic reserves. [demonic ancestry]
  1455 | D:2      | Reached XP level 3. HP: 29/29 MP: 3/3
  1466 | D:2      | Reached skill level 1 in Dodging
  2394 | D:3      | Noticed dickylongcocking's ghost (amateur BaSk)
  2404 | D:3      | Slain by dickylongcocking's ghost

Vault maps used:
D:1:      nicolae_arrival_washed_ashore
D:2:      first_bread

Skill      XL: |  1  2  3 |
---------------+----------+-----
Axes           | 2 |  2.5
Armour         | 3 |  3.0
Dodging        | 1 |  1.1
Fighting       | |  3.7
Shields        | |  2.6

Action                   || total
-------------------------++-------
Melee: War axe           ||   132
  Eat: Chunk             ||     5
Armor: Scale mail        ||    93
Dodge: Dodged            ||    82
Block: Shield            ||     2
